 Dungeon Crawl Stone Soup version 0.25-a0-294-gea9b1ad (webtiles) character file.

Game seed: 11705867944770996066, levelgen mode: deterministic

419 15 the Caller (level 6, -1/44 HPs)
             Began as a Merfolk Summoner on Dec 16, 2019.
             Shot with an arrow by a centaur (17 damage)
             ... on level 5 of the Dungeon.
             The game lasted 00:29:11 (4648 turns).

15 the Caller (Merfolk Summoner)                    Turns: 4648, Time: 00:29:12

Health: -1/44      AC:  4    Str: 10      XL:     6   Next: 93%
Magic:  7/11       EV: 14    Int: 14 (15) God:
Gold:   221        SH:  0    Dex: 13 (14) Spells: 1/11 levels left

rFire    . . .     SeeInvis .   o - +0 halberd
rCold    . . .     Gourm    .   (shield currently unavailable)
rNeg     . . .     Faith    .   a - +0 robe
rPois    .         Spirit   .   g - +0 helmet
rElec    .         Reflect  .   d - +0 cloak
rCorr    .         Harm     .   (no gloves)
MR       .....                  (no boots)
Stlth    ++........             (no amulet)
HPRegen  0.14/turn              (no ring)
MPRegen  0.12/turn              (no ring)

@: studying Dodging
A: change form in water, swift swim, stealthy swim
a: no special abilities


You were on level 5 of the Dungeon.
You were not hungry.

You visited 1 branch of the dungeon, and saw 5 of its levels.

You collected 221 gold pieces.

Inventory:

Hand Weapons
 i - a +0 dagger
 k - a +1 hand axe of venom
 o - a +0 halberd (weapon)
Armour
 a - a +0 robe (worn)
 d - a +0 cloak (worn)
 g - a +0 helmet (worn)
 t - a +0 pair of boots
Magical Staves
 w - an uncursed staff of poison
Wands
 n - a wand of iceblast (6)
Scrolls
 f - a scroll of teleportation
 h - a scroll of random uselessness {unknown}
 m - a scroll of enchant weapon {unknown}
 p - 3 scrolls of blinking
 q - a scroll of magic mapping {unknown}
Potions
 b - a potion of might {unknown}
 e - a potion of heal wounds
 j - a potion of mutation {unknown}
 l - a potion of flight
 r - a potion of brilliance {unknown}
 v - a potion of curing {unknown}
Books
 s - a manual of Dodging
Comestibles
 c - 4 rations
 u - 2 chunks of flesh (quivered)


   Skills:
 + Level 1.8 Fighting
 - Level 1.0 Short Blades
 + Level 2.6 Polearms
 - Level 1.0 Armour
 * Level 4.6 Dodging
 + Level 3.2 Stealth
 + Level 3.4 Spellcasting
 + Level 5.0 Summonings
 * Level 2.0 Ice Magic
 + Level 0.0 Evocations


You had one spell level left.
You knew the following spells:

 Your Spells              Type           Power        Failure   Level  Hunger
a - Summon Small Mammal   Summ           ###.         2%          1    #......
b - Call Imp              Summ           ###.....     4%          2    ##.....
c - Call Canine Familiar  Summ           ###.....     8%          3    ###....
d - Summon Ice Beast      Ice/Summ       ##......     43%         4    #####..

Your spell library contained the following spells:

 Spells                   Type           Power        Failure   Level  Hunger
 Summon Guardian Golem    Hex/Summ       #.......     22%         3    ###....
 Summon Lightning Spire   Summ/Air       #.......     58%         4    #####..


Dungeon Overview and Level Annotations

Branches:
Dungeon (5/15)
 Temple: D:4-7

Altars:
Kikubaaqudgha
Ru
Wu Jian
Xom

Shops:
D:4 (

Annotations:
D:5 Dowan, Duvessa


Message History

Your hound bites the giant cockroach.
The giant cockroach dies!
You swap places.
Casting: Call Canine Familiar (safe; 8% risk of failure)
Confirm with . or Enter, or press ? or * to list all spells.
Okay, then.
Okay, then.
There is an open door here.
Found a hand axe.
The centaur is too close now for your liking.
Your hound disappears in a puff of smoke!
The centaur wields a +3 shortbow.
The centaur shoots an arrow.
The arrow hits you!
You see here an arrow.
The centaur shoots an arrow.
The arrow hits you!
You see here an arrow.
Casting: Call Canine Familiar (safe; 8% risk of failure)
Confirm with . or Enter, or press ? or * to list all spells.
The centaur shoots an arrow.
The arrow hits you!
You die...

.. ..#......#
#....##.##....#
.#....#.).#....###
.'...#.)#!.#...'.##
#....#.(.#....#..#####
#....##.##....#......##
#......#......#....##..
#.............#...#####
#.c...@(......#...#
#....h........#..##
#######+#######..######
..............
.......<.#####
......#### # .....# #
.... . ..# #.


You could see a centaur and a friendly hound.

Vanquished Creatures
  A scorpion (D:4)
  An orc wizard (D:2)
  A worker ant (D:4)
  A hound skeleton (D:4)
  7 adders
  A worm (D:4)
  2 dart slugs
  2 orcs (D:3)
  3 giant cockroaches (D:4)
  7 goblins
  6 hobgoblins
  A quokka (D:3)
  2 ball pythons
  4 bats
  5 frilled lizards
  A jackal skeleton (D:2)
  2 kobolds (D:1)
  A leopard gecko skeleton (D:4)
  4 rats
52 creatures vanquished.

Vanquished Creatures (collateral kills)
  A phantom (D:4)
  A sky beast (D:4)
  A scorpion (D:4)
  A hound (D:4)
  Robin (D:3)
  3 adders
  A dart slug (D:1)
  2 leopard geckos (D:3)
  An orc (D:4)
  A giant cockroach (D:5)
  8 goblins
  7 hobgoblins
  4 jackals (D:3)
  3 quokkas
  A bat (D:2)
  3 kobolds
  A leopard gecko skeleton (D:4)
  2 rats
42 creatures vanquished.

Grand Total: 94 creatures vanquished

Notes
Turn   | Place    | Note
-------+----------+-------------------------------------------
     0 | D:1      | 15 the Merfolk Summoner began the quest for the Orb.
     0 | D:1      | Reached XP level 1. HP: 13/13 MP: 3/3
   582 | D:1      | Reached XP level 2. HP: 14/19 MP: 0/5
   586 | D:1      | Learned a level 2 spell: Call Imp
  1544 | D:2      | Found a shimmering altar of Xom.
  1558 | D:2      | Reached XP level 3. HP: 22/24 MP: 0/6
  1646 | D:2      | Learned a level 3 spell: Call Canine Familiar
  1720 | D:2      | Found an ornate altar of the Wu Jian Council.
  1738 | D:2      | Found a faded altar of an unknown god.
  1917 | D:2      | Found a sacrificial altar of Ru.
  1934 | D:2      | Reached skill level 1 in Short Blades
  1934 | D:2      | Reached XP level 4. HP: 9/31 MP: 0/7
  2809 | D:3      | Noticed Robin
  2819 | D:3      | Killed Robin
  2823 | D:3      | Reached XP level 5. HP: 20/36 MP: 2/9
  2824 | D:3      | Reached skill level 1 in Polearms
  2939 | D:3      | Reached skill level 1 in Fighting
  2973 | D:3      | Learned a level 4 spell: Summon Ice Beast
  3498 | D:4      | Reached skill level 1 in Armour
  3679 | D:4      | Noticed a sky beast
  3695 | D:4      | Killed a sky beast
  3695 | D:4      | Reached skill level 1 in Ice Magic
  3695 | D:4      | Reached XP level 6. HP: 43/43 MP: 3/10
  3806 | D:4      | Found Nyzxoz's Antique Weapon Emporium.
  4029 | D:4      | Noticed a phantom
  4038 | D:4      | Found an ancient bone altar of Kikubaaqudgha.
  4074 | D:4      | Killed a phantom
  4162 | D:4      | Reached skill level 5 in Summonings
  4516 | D:5      | Entered Level 5 of the Dungeon
  4516 | D:5      | Noticed Duvessa
  4516 | D:5      | Noticed Dowan
  4648 | D:5      | Shot with an arrow by a centaur

Levels and vault maps discovered:
D:1:      dpeg_arrival_circle_labyrinth_c, layout_basic
D:2:      layout_loops_ring, old_standard_altar, overflow_temple_1_default,
          chequers_ecumenical_altar_simple, nicolae_ru_great_annihilating_truth
D:3:      layout_basic, uniq_robin
D:4:      minmay_octagon_keep, layout_loops_cross, kennysheep_mini,
          serial_shops, nicolae_shop_stone, minmay_manual_mess
D:5:      layout_layer_cave, yredelemnul_forgotten_temple_becter,
          grunt_qazlal_clouds, first_ration, kennysheep_generic_room_2,
          uniq_duvessa

Skill      XL: |  1  2  3  4  5  6 |
---------------+-------------------+-----
Dodging        | 3 4 |  4.6
Short Blades   | 1 |  1.0
Polearms       | 2 |  2.6
Fighting       | 1 |  1.8
Spellcasting   | 3 |  3.4
Armour         | 1 |  1.0
Stealth        | 3 |  3.2
Ice Magic      | 1 2 |  2.0
Summonings     | 5 |  5.0

Action                   |  1- 3 |  4- 6 || total
-------------------------+-------+-------++-------
Melee: Club              |    28 |       ||    28
       Unarmed           |     2 |       ||     2
       Dagger            |    74 |    10 ||    84
       Spear             |     9 |    16 ||    25
       Halberd           |       |    99 ||    99
       Hand axe          |       |     6 ||     6
 Cast: Summon Small Mamm |     9 |     3 ||    12
       Call Imp          |    11 |     9 ||    20
       Call Canine Famil |     3 |    17 ||    20
  Use: Scroll            |     5 |     4 ||     9
       Potion            |       |     2 ||     2
 Stab: Sleeping          |     4 |     7 ||    11
       Distracted        |     1 |     1 ||     2
  Eat: Chunk             |     4 |     9 ||    13
       Ration            |       |     1 ||     1
Armor: Robe              |    14 |    23 ||    37
Dodge: Dodged            |    75 |    76 ||   151

Table legend:
 A = Non-vault XP
 B = Vault XP
 C = Vault XP percentage of total XP
 D = Non-vault monster count
 E = Vault monster count
 F = Vault count percentage of total count
                 A         B        C        D         E       F
            +---------+---------+-------+---------+---------+-------
      Total |     376 |     223 |  37.2 |      67 |      27 |  28.7
            +---------+---------+-------+---------+---------+-------
        D:1 |      23 |       0 |   0.0 |      15 |       0 |   0.0
        D:2 |      71 |      30 |  29.7 |      18 |       4 |  18.2
        D:3 |      54 |      28 |  34.1 |      24 |      13 |  35.1
        D:4 |     228 |     154 |  40.3 |      10 |       8 |  44.4
        D:5 |       0 |      11 | 100.0 |       0 |       2 | 100.0
            +---------+---------+-------+---------+---------+-------
